 Dungeon Crawl Stone Soup version 0.31.0-32-g396128a36d (webtiles) character file.

Game seed: 17899952310719337802

65 Zeor the Shooter (level 4, 0/40 HPs)
             Began as a Naga Hunter on Apr 24, 2024.
             Killed by nerve-wracking pain
             ... invoked by Jessica
              (7 damage)
             ... on level 2 of the Dungeon.
             The game lasted 00:04:25 (1418 turns).

Zeor the Shooter (Naga Hunter)                      Turns: 1418, Time: 00:04:25

Health: 0/40       AC:  2    Str: 14    XL:     4   Next: 14%
Magic:  4/4        EV:  9    Int:  9    God:
Gold:   51         SH:  0    Dex: 16    Spells: 2/3 levels left

rFire   . . .        a - +0 shortbow
rCold   . . .        (shield currently unavailable)
rNeg    . . .        c - +0 leather armour
rPois   +            (no helmet)
rElec   .            (no cloak)
rCorr   .            (no gloves)
SInv    +            (no barding)
Will    .....        (no amulet)
Stlth   ++           (no ring)
HPRegen 0.26/turn    (no ring)
MPRegen 0.09/turn

%: no passive effects
@: attractive, invisible, very slow
A: AC +1, large, see invisible, deformed body, poison resistance, slowness 2,
spit poison 1, naga tail 1
a: Spit Poison


You were on level 2 of the Dungeon.
You visited 1 branch of the dungeon, and saw 2 of its levels.

You collected 51 gold pieces.

Inventory:

Hand Weapons
 a - a +0 shortbow (weapon)
 b - a +0 glaive of protection
Armour
 c - a +0 leather armour (worn)
Scrolls
 e - a scroll of revelation
 j - a scroll of butterflies
Potions
 d - a potion of mutation
 f - a potion of brilliance


   Skills:
 * Level 2.6 Fighting
 * Level 4.7 Ranged Weapons
 + Level 0.2 Armour
 + Level 1.6 Dodging
 + Level 1.8 Stealth


You had 2 spell levels left.
You knew the following spells:

 Your Spells              Type           Power      Damage    Failure   Level
a - Apportation           Tloc           0%         N/A       45%         1

Your spell library contained the following spells:

 Spells                   Type           Power      Damage    Failure   Level
 Jinxbite                 Hex            0%         N/A       61%         2
 Alistair's Intoxication  Alch           0%         N/A       100%        5


Dungeon Overview and Level Annotations

Branches:
Dungeon (2/15)

Altars:

Annotations:
D:2 Jessica, Robin


Innate Abilities, Weirdness & Mutations

Your serpentine skin is tough. (AC +1)
You have supernaturally acute eyesight. (SInv)
Armour fits poorly on your strangely shaped body.
Your system is resistant to poisons. (rPois)
You cover ground very slowly.
You can spit poison.
You have a snake-like lower body.


Message History

Robin throws the goblin at you!
Okay, then.
The goblin attacks as it pursues you! The goblin hits you with a +0 club.
The goblin hits you but does no damage. The goblin attacks as it pursues you!
The goblin completely misses you. The goblin attacks as it pursues you!
The goblin hits you with a +0 club. The goblin hits you with a +0 dagger.
The goblin hits you with a +0 club. The goblin hits you with a +0 club.
The goblin hits you but does no damage. The goblin barely misses you.
The goblin attacks as it pursues you! The goblin hits you with a +0 club. x2
Robin roars a battlecry!
The goblins go into a battle-frenzy!
The goblin hits you with a +0 club. The goblin attacks as it pursues you!
The goblin barely misses you. Robin throws the goblin at you!
The goblin attacks as it pursues you! The goblin hits you but does no damage.
Jessica the Apprentice Sorceress comes into view.
She is wielding a +1 dagger of electrocution.
The goblin hits you with a +0 dagger. The goblin attacks as it pursues you!
The goblin barely misses you.
There is a large open door here.
The goblin hits you with a +0 dagger.
There is a large open door here.
You shoot an arrow. The arrow barely misses the goblin.
Jessica shouts!
The goblin shouts!
The arrow hits the goblin.
You kill the goblin!
The goblin hits you with a +0 dagger.
* * * LOW HITPOINT WARNING * * *
It was a potion of invisibility.
You fade into invisibility!
The goblin closely misses you.
It was a potion of attraction.
You feel attractive to monsters. The goblin hits you with a +0 dagger.
* * * LOW HITPOINT WARNING * * *
Jessica is attracted toward you. The goblin is attracted toward you. x2
You shoot an arrow. The arrow closely misses Jessica.
Jessica points at you and mumbles some strange words.
Pain shoots through your body!
You die...

▒∙∙∙∙∙g∙▒▒∙∙∙∙▒∙∙∙∙▒ ▒∙∙∙∙
▒▒▒▒▒▒▒)▒▒∙∙∙∙▒∙∙∙∙▒ ▒∙∙∙∙
▒▒▒▒▒'▒▒▒▒▒▒▒∙∙∙∙▒ ▒▒∙∙∙
▒∙∙∙∙∙∙∙∙∙∙▒▒∙∙∙∙▒▒▒▒▒ ▒▒∙∙
▒∙∙∙∙∙∙#∙∙∙▒▒∙∙∙∙∙∙∙∙▒ ▒▒▒
▒∙∙∙∙)∙#g∙∙▒▒∙∙∙∙∙∙∙∙▒ ▒▒∙∙
▒∙∙∙∙(∙∙gg∙▒▒∙∙∙∙∙∙∙∙▒ ▒▒∙∙∙
▒∙∙∙∙∙∙∙∙∙g▒▒∙∙∙∙∙∙∙∙▒ ▒∙∙∙∙
▒∙∙∙∙∙(∙∙∙ggN@∙#∙∙∙∙∙▒ ▒∙∙∙)
▒∙∙∙∙∙∙∙∙∙g▒▒∙∙∙∙∙∙∙∙▒ ▒∙∙∙∙
▒▒∙∙∙▒▒▒▒▒▒▒▒▒∙∙∙(∙∙∙▒▒▒▒▒∙∙∙
▒∙∙∙▒ ▒∙∙∙∙∙∙∙∙∙▒▒▒▒∙∙ ▒∙∙∙▒
▒▒▒▒∙∙∙∙∙∙∙∙∙∙▒▒▒▒▒ ▒∙∙∙▒
▒▒∙∙∙∙∙∙∙∙∙∙∙∙∙∙∙∙▒ ▒∙∙∙∙
∙∙∙∙∙∙∙∙∙∙∙∙∙∙▒▒▒∙▒▒ ▒▒▒∙
∙∙∙∙∙∙∙∙∙▒∙∙(∙▒ ▒∙∙▒
∙∙∙∙∙∙∙<∙∙∙∙∙∙▒ ▒▒∙▒


You could see Robin (unable to see you), Jessica (unable to see you) and 6
goblins.

Vanquished Creatures
  An adder (D:2)
  2 ribbon worms (D:2)
  4 bats
  5 endoplasms
  A giant cockroach (D:2)
  6 goblins
  8 hobgoblins
  4 quokkas
  4 ball pythons
  5 frilled lizards
  3 kobolds (D:1)
  4 rats
47 creatures vanquished.

Notes
Turn   | Place    | Note
-------+----------+-------------------------------------------
     0 | D:1      | Zeor the Naga Hunter began the quest for the Orb.
     0 | D:1      | Reached XP level 1. HP: 19/19 MP: 1/1
   128 | D:1      | Reached XP level 2. HP: 26/26 MP: 2/2
   248 | D:1      | Reached skill level 4 in Ranged Weapons
   330 | D:1      | Learned a level 1 spell: Apportation
   660 | D:1      | Reached XP level 3. HP: 32/32 MP: 3/3
   964 | D:2      | Noticed Robin
  1290 | D:2      | Reached XP level 4. HP: 40/40 MP: 4/4
  1413 | D:2      | Noticed Jessica
  1418 | D:2      | Killed from afar by Jessica

Illustrated notes

Levels and vault maps discovered:
D:1:      orjb1_lava_funnel, layout_basic, minmay_misc_feat_tiny,
          nicolae_eternal_life
D:2:      kennysheep_six_static_rooms, layout_basic, uniq_jessica, uniq_robin

Skill      XL: |  1  2 |
---------------+-------+-----
Ranged Weapons | 4 |  4.7
Fighting       | |  2.6
Armour         | |  0.2
Dodging        | |  1.6
Stealth        | |  1.8

Action                     |  1- 3 |  4- 6 || total
---------------------------+-------+-------++-------
   Fire: Shortbow          |   112 |    11 ||   123
Ability: Spit Poison       |     4 |       ||     4
    Use: Scroll            |     4 |     1 ||     5
         Potion            |       |     2 ||     2
 Armour: Leather armour    |    23 |    17 ||    40
  Dodge: Dodged            |    16 |     5 ||    21
